 Dungeon Crawl Stone Soup version 0.27-a0-1590-g15f69828bf (webtiles) character file.

Game seed: 16827629101268151889

6512 Aviak the Skirmisher (level 10, -10/105 HPs)
             Began as a Demigod Transmuter on July 18, 2021.
             Mangled by a death knight (16 damage)
             ... on level 9 of the Dungeon.
             The game lasted 00:18:30 (11502 turns).

Aviak the Skirmisher (Demigod Transmuter)          Turns: 11502, Time: 00:18:31

Health: -10/105    AC: 13    Str: 15    XL:     10   Next: 42%
Magic:  23/24      EV: 12    Int: 23    God:
Gold:   638        SH:  0    Dex: 14    Spells: 9/22 levels left

rFire    x . .     SeeInvis .     - Unarmed
rCold    + + +     Faith    .   (shield currently unavailable)
rNeg     . . .     Spirit   .   (armour currently unavailable)
rPois    +         Reflect  .   (helmet currently unavailable)
rElec    .         Harm     .   (cloak currently unavailable)
rCorr    .         Rampage  .   (gloves currently unavailable)
Will     ++...                  (boots currently unavailable)
Stlth    +.........             l - amulet of regeneration
HPRegen  1.27/turn              b - ring of willpower
MPRegen  0.19/turn              A - +4 ring of protection

@: mighty, ice-form, studying Fighting
A: freezing attack, amphibious, boosted hp, large, high mp 1, forlorn
a: End Transformation


You were on level 9 of the Dungeon.
You were a creature of crystalline ice.
You visited 1 branch of the dungeon, and saw 9 of its levels.
You also visited: Ossuary and Bailey.

You collected 638 gold pieces.

Inventory:

Hand Weapons
 d - a +2 short sword of freezing
 h - a +1 short sword of holy wrath
 i - the +4 executioner's axe of Plog {freeze, Int+6}
   (You found it in a bailey)

   It freezes those it strikes, dealing additional cold damage.
   It can also slow down cold-blooded creatures.
   Int:       It affects your intelligence (+6).
 x - a +4 demon trident of electrocution
 I - a +0 broad axe
Missiles
 m - 7 curare-tipped darts
Armour
 f - a +1 leather armour (melded)
 p - a +2 cloak (melded)
 r - a +0 kite shield
Jewellery
 b - a ring of willpower (left front paw)
 l - an amulet of regeneration (around neck)
 v - a ring of positive energy
 A - a +4 ring of protection (right front paw)
 B - a ring of ice
 H - an amulet of reflection
Wands
 n - a wand of iceblast (8)
 o - a wand of flame (26)
 E - a wand of polymorph (13)
Scrolls
 e - 3 scrolls of immolation
 g - a scroll of magic mapping {unknown}
 j - 2 scrolls of enchant armour
 k - 2 scrolls of noise {unknown}
 q - 5 scrolls of enchant weapon
 t - 2 scrolls of teleportation
 u - 2 scrolls of vulnerability {unknown}
 y - a scroll of brand weapon {unknown}
 K - a scroll of fog {unknown}
Potions
 a - 2 potions of berserk rage {unknown}
 c - 2 potions of curing
 w - 3 potions of ambrosia
 z - 3 potions of heal wounds {unknown}
 C - 2 potions of attraction {unknown}
 F - 2 potions of haste {unknown}
 G - a potion of invisibility {unknown}
 J - 2 potions of flight {unknown}


   Skills:
 + Level 7.8 Fighting
 - Level 6.0 Dodging
 - Level 2.6 Unarmed Combat
 + Level 6.8 Spellcasting
 - Level 5.3 Transmutations
 + Level 7.0 Ice Magic
 - Level 4.1 Poison Magic


You had 9 spell levels left.
You knew the following spells:

 Your Spells              Type           Power      Damage    Failure   Level
a - Beastly Appendage     Tmut           64%        N/A       1%          1
b - Wereblood             Tmut           32%        N/A       1%          2
c - Spider Form           Tmut/Pois      14%        N/A       3%          3
d - Ice Form              Ice/Tmut       36%        N/A       6%          4
e - Ozocubu's Armour      Ice            40%        N/A       1%          3

Your spell library contained the following spells:

 Spells                   Type           Power      Damage    Failure   Level
 Summon Small Mammal      Summ           28%        N/A       8%          1
 Dazzling Flash           Conj/Hex       14%        N/A       24%         3
 Blade Hands              Tmut           16%        N/A       24%         5
 Animate Armour           Summ/Erth      14%        N/A       61%         4
 Cause Fear               Hex            3%         N/A       61%         4
 Eringya's Noxious Bog    Tmut/Pois      14%        N/A       86%         6
 Agony                    Necr           7%         N/A       91%         5
 Silence                  Hex/Air        3%         N/A       91%         5
 Summon Forest            Summ/Tloc      3%         N/A       91%         5
 Ozocubu's Refrigeration  Ice            20%        4d9       98%         7
 Iron Shot                Conj/Erth      3%         9d2       100%        6
 Dragon Form              Tmut           16%        N/A       100%        7
 Summon Hydra             Summ           3%         N/A       100%        7
 Dragon's Call            Summ           3%         N/A       100%        9


Dungeon Overview and Level Annotations

Branches:
Dungeon (9/15)             Temple (0/1) D:4         Ossuary (visited)
 Bailey (visited)
   Lair: D:8-11         Orc: D:9-12

Shops:
D:6 =   D:7 (

Annotations:
D:8 1 runed translucent door, gruber's ghost, journeyman OpEE


Innate Abilities, Weirdness & Mutations

You are a creature of crystalline ice.
You have a powerful freezing melee attack.
You are amphibious.
Your maximum health is increased.
Your armour is entirely melded.
You are incapable of wielding weapons or throwing items.
Your attributes grow dramatically as you level up.
You have an increased reservoir of magic. (+10% MP)
You shall have no god before yourself.


Message History

A goblin skeleton comes into view.
You punch the death knight! You freeze the death knight.
The death knight is moderately wounded.
The death knight hits you with a +0 halberd!!
You hit the death knight. You freeze the death knight.
The death knight is heavily wounded.
The death knight hits you but does no damage.
You completely miss the death knight.
The death knight is heavily wounded.
The death knight offers itself to Yredelemnul, and fills with unholy energy.
You hit the death knight. You freeze the death knight.
The death knight is heavily wounded.
The death knight reflects your damage back at you!
The death knight hits you with a +0 halberd!!
You hit the death knight. You freeze the death knight.
The death knight is heavily wounded.
The death knight reflects your damage back at you!
The death knight hits you with a +0 halberd.
You hit the death knight but do no damage.
The death knight is heavily wounded.
The death knight barely misses you.
You feel better.
The death knight hits you with a +0 halberd!!
You feel very mighty all of a sudden. The death knight barely misses you.
You punch the death knight! You freeze the death knight!
The death knight is severely wounded.
The death knight reflects your damage back at you!
* * * LOW HITPOINT WARNING * * *
The death knight hits you with a +0 halberd!!
* * * LOW HITPOINT WARNING * * *
Unknown command.
Okay, then.
Really read
s - a scroll of summoning {!r}?
As you read the scroll of summoning {!r}, it crumbles to dust.
Wisps of shadow whirl around you...
The death knight's dark mirror aura disappears.
The goblin skeleton hits you but does no damage.
The death knight hits you with a +0 halberd!
You die...

######..........#
....#..........# #.........
...+ ##.....y.####.####
........#........#.......#
........#....<...#.......#
....$...#.....y..#oo.o..†###
.....[..#.....y..p.o.o.÷÷..#
........#.....yZY#.......#.#
...........y.....#..†....#..
#.......#........#...÷...#.#
D..Z.D..........#####.####.#
..#.Z#.Z###................#
#..#.p#####...(........#.#
##.#.Z...............#.#.#
#.#..#..............#.#.###
#....'...........<........#


You could see a death knight (ally target), a goblin skeleton (ally target), 5
friendly killer bees, a friendly orc priest (summoned), a friendly orc wizard
(summoned) and 3 friendly orcs.

Vanquished Creatures
  A manticore (D:8)
  Grinder (D:5)
  A wyvern (D:9)
  5 yaks (D:8)
  A vampire mosquito (D:8)
  2 water moccasins
  12 orc warriors
  3 sky beasts
  A black bear (D:5)
  A necrophage (D:8)
  2 ogres
  10 centaurs
  3 bullfrogs
  A scorpion (D:5)
  A wyvern zombie (D:8)
  4 water moccasin zombies (Ossuary)
  5 killer bees (D:8)
  A water moccasin skeleton (D:6)
  7 wights
  5 howler monkeys
  An electric eel (D:8)
  3 crimson imps (D:7)
  2 centaur zombies
  2 jellies
  2 hounds
  3 orc priests
  Crazy Yiuf (D:3)
  Ijyb (D:3)
  3 iguanas
  2 orc wizards (D:9)
  2 mummies (Ossuary)
  4 adders
  12 gnolls
  A shadow imp (D:5)
  3 white imps
  2 adder zombies (Ossuary)
  3 worms
  2 dart slugs
  32 orcs
  9 bats
  5 endoplasms
  3 giant cockroaches (D:1)
  15 goblins
  3 hobgoblins
  10 jackals
  4 quokkas
  6 ball pythons
  2 frilled lizards (D:1)
  A gnoll zombie (Ossuary)
  3 hobgoblin zombies (Ossuary)
  5 kobolds
  6 kobold zombies (Ossuary)
  8 orc zombies
  5 rats
233 creatures vanquished.

Vanquished Creatures (collateral kills)
  A water moccasin (D:7)
1 creature vanquished.

Grand Total: 234 creatures vanquished

Notes
Turn   | Place    | Note
-------+----------+-------------------------------------------
     0 | D:1      | Aviak the Demigod Transmuter began the quest for the Orb.
     0 | D:1      | Reached XP level 1. HP: 15/15 MP: 5/5
    32 | D:1      | Reached skill level 1 in Fighting
   434 | D:1      | Reached XP level 2. HP: 23/23 MP: 5/7
  1071 | D:2      | Learned a level 2 spell: Wereblood
  1282 | D:2      | Reached XP level 3. HP: 23/29 MP: 8/8
  2584 | D:3      | Reached XP level 4. HP: 36/37 MP: 7/9
  2588 | D:3      | Learned a level 3 spell: Spider Form
  2693 | D:3      | Got Sif Muna's Catalogue of Companions
  3046 | D:3      | Noticed Ijyb
  3060 | D:3      | Killed Ijyb
  3254 | D:3      | Found a runed translucent door.
  3255 | D:3      | Noticed Crazy Yiuf
  3501 | D:3      | Killed Crazy Yiuf
  3502 | D:3      | Reached skill level 1 in Poison Magic
  3805 | D:4      | Reached XP level 5. HP: 38/45 MP: 3/10
  4166 | D:4      | Noticed an ogre
  4176 | D:4      | Killed an ogre
  4183 | D:4      | Reached XP level 6. HP: 51/51 MP: 6/11
  4267 | D:4      | Found a staircase to the Ecumenical Temple.
  5026 | D:4      | You fall into a shaft and drop 1 floor!
  5026 | D:5      | Entered Level 5 of the Dungeon
  5219 | D:5      | Reached XP level 7. HP: 24/60 MP: 8/13
  5998 | D:5      | Reached skill level 5 in Transmutations
  6229 | D:5      | Noticed Grinder
  6248 | D:5      | Killed Grinder
  6249 | D:5      | Reached skill level 5 in Fighting
  6267 | D:5      | Learned a level 4 spell: Ice Form
  6833 | D:6      | Found Lyruuthre's Jewellery Boutique.
  6836 | D:6      | Found a sand-covered staircase.
  6884 | Ossuary  | Entered an ossuary
  6946 | Ossuary  | Reached skill level 1 in Ice Magic
  6967 | Ossuary  | Reached XP level 8. HP: 59/68 MP: 12/14
  7774 | D:7      | Found a flagged portal.
  7809 | Bailey   | Entered a bailey
  8217 | Bailey   | Reached XP level 9. HP: 74/74 MP: 19/19
  8398 | Bailey   | Reached skill level 5 in Dodging
  8690 | Bailey   | Reached skill level 5 in Spellcasting
  8804 | Bailey   | Reached skill level 5 in Ice Magic
  8909 | Bailey   | Identified the +4 executioner's axe of Plog {freeze, Int+6}
  9098 | D:7      | Found Panleufe's Weapon Shop.
  9150 | D:7      | Identified the +1 chain mail of Dogmatism {rC+}
  9430 | D:7      | Learned a level 3 spell: Ozocubu's Armour
 10016 | D:8      | Noticed a manticore
 10027 | D:8      | Killed a manticore
 10264 | D:8      | Reached XP level 10. HP: 81/81 MP: 13/22
 10524 | D:8      | Found a runed translucent door.
 10553 | D:8      | Noticed gruber's ghost (journeyman OpEE)
 11350 | D:9      | Noticed a death knight
 11501 | D:9      | HP: 5/105 [death knight (20)]
 11502 | D:9      | Mangled by a death knight

Illustrated notes

Levels and vault maps discovered:
D:1:      ncdulo_halloftheorcs, layout_basic
D:2:      layout_basic, corner_web_ring
D:3:      layout_loops_ring, grunt_temple_overflow_magic_moments,
          hellmonk_ecumenical_altar_inner_sanctum, uniq_crazy_yiuf_cottage,
          uniq_ijyb
D:4:      layout_basic, minmay_temple_entry_stoned_glass, serial_glass,
          glass_columns_b, glass_columns_a, glass_columns_a, glass_columns_b,
          glass_columns_c, glass_columns_c, minmay_ogre_servants
D:5:      layout_loops_cross, uniq_grinder
D:6:      layout_basic, enter_ossuary_5, minmay_shop_enchanted_jewellery
D:7:      layout_loops_ring, led_xom_imps, serial_shops, shop, enter_bailey_2
D:8:      kennysheep_blocky_room, layout_basic, mainiacjoe_overflow_24_doors,
          nicolae_elyvilon_temple_path, mainiacjoe_overflow_catch_the_wave,
          ebering_ghost_reflecting_pool, kennysheep_generic_room_7
D:9:      layout_basic, nicolae_tso_carved_into_rock,
          nicolae_uskayaw_murder_on_the_dancefloor, general_overflow_altar,
          zombieorc2_lemuel, nrook_mini_vaults, kennysheep_generic_room_8

Skill      XL: |  1  2  3  4  5  6  7  8  9 10 |
---------------+-------------------------------+-----
Fighting       | 1 2 3 4 5 6 7 |  7.8
Transmutations | 2 3 4 5 |  5.3
Spellcasting   | 2 4 6 |  6.8
Poison Magic   | 1 2 3 4 |  4.1
Dodging        | 2 4 6 |  6.0
Ice Magic      | 1 4 6 7 |  7.0
Unarmed Combat | |  2.6

Action                   |  1- 3 |  4- 6 |  7- 9 | 10-12 || total
-------------------------+-------+-------+-------+-------++-------
Melee: Unarmed           |   130 |   132 |   496 |   135 ||   893
       Kick              |    23 |     8 |       |       ||    31
       Headbutt          |    13 |     3 |       |       ||    16
       Punch             |       |     1 |       |       ||     1
 Cast: Beastly Appendage |    24 |    11 |       |       ||    35
       Wereblood         |     3 |     3 |     8 |     3 ||    17
       Spider Form       |       |    14 |    30 |       ||    44
       Ice Form          |       |       |    15 |    11 ||    26
       Ozocubu's Armour  |       |       |     3 |     2 ||     5
Evoke: Wand              |       |       |    18 |       ||    18
  Use: Potion            |     1 |     1 |     3 |     2 ||     7
       Scroll            |       |       |     9 |     2 ||    11
 Stab: Sleeping          |     3 |       |       |       ||     3
Armor: Robe              |    20 |       |       |       ||    20
       Leather armour    |     7 |     7 |    12 |     4 ||    30
       Skin              |       |     1 |    69 |    54 ||   124
Dodge: Dodged            |    92 |   129 |   560 |    69 ||   850

Table legend: (Time is in decaauts)
 A = Elapsed time spent in this place.
 B = Non-inter-level travel time spent in this place.
 C = Inter-level travel time spent in this place.
 D = Time resting spent in this place.
 E = Time spent auto-exploring this place.
 F = Levels seen in this place.
 G = Mean time per level.
                   A        B        C        D        E       F      G
               +--------+--------+--------+--------+--------+-----+--------+
         Total |  11456 |  11196 |    260 |   1753 |   7062 |  11 | 1041.5 |
       Dungeon |   9904 |   9644 |    260 |   1281 |   6914 |   9 | 1100.4 |
       Ossuary |    358 |    358 |      0 |    139 |      0 |   1 |  358.0 |
        Bailey |   1193 |   1193 |      0 |    333 |    148 |   1 | 1193.0 |
               +--------+--------+--------+--------+--------+-----+--------+

Top non-repeatable levels by time:
     D:2: 1489 daAuts
     D:5: 1464 daAuts
     D:8: 1425 daAuts
     D:3: 1280 daAuts
     D:4: 1229 daAuts
  Bailey: 1193 daAuts
     D:1: 1011 daAuts
     D:7: 886 daAuts
     D:6: 831 daAuts
 Ossuary: 358 daAuts
     D:9: 283 daAuts
